 Dungeon Crawl Stone Soup version 0.25-a0-156-g0c4bda3fdf (webtiles) character file.

Game seed: 3317380931786476616, levelgen mode: deterministic

25 vurker the Skirmisher (level 3, 0/29 HPs)
             Began as a Formicid Abyssal Knight on Nov 20, 2019.
             Was a Follower of Lugonu.
             Slain by a hobgoblin (1 damage)
             ... on level 2 of the Dungeon.
             The game lasted 00:01:32 (1376 turns).

vurker the Skirmisher (Formicid Abyssal Knight)     Turns: 1376, Time: 00:01:32

Health: 0/29       AC:  3    Str: 17    XL:     3   Next: 20%
Magic:  5/5        EV: 11    Int: 11    God:    Lugonu [*.....]
Gold:   26         SH:  0    Dex: 10    Spells: 2/2 levels left

rFire    . . .     SeeInvis +   a - +1 hand axe
rCold    . . .     Gourm    .   (no shield)
rNeg     . . .     Faith    .   b - +0 leather armour
rPois    .         Spirit   .   (helmet unavailable)
rElec    .         Reflect  .   (no cloak)
rCorr    .         Harm     .   (no gloves)
MR       .....                  (no boots)
Stlth    +.........             (no amulet)
HPRegen  0.09/turn              (no ring)
MPRegen  0.09/turn              (no ring)

@: no status effects
A: permanent stasis, dig shafts and tunnels, four strong arms, antennae 3
a: Dig, Shaft Self, Depart the Abyss, Renounce Religion


You were on level 2 of the Dungeon.
You worshipped Lugonu.
Lugonu was aware of your devotion.
You were hungry.

You visited 1 branch of the dungeon, and saw 2 of its levels.
You visited the Abyss 1 time.

You collected 26 gold pieces.

Inventory:

Hand Weapons
 a - a +1 hand axe (weapon)
Armour
 b - a +0 leather armour (worn)
Scrolls
 d - 2 scrolls of fog {unknown}
Potions
 f - a potion of invisibility {unknown}
 g - a potion of curing {unknown}
 h - a potion of brilliance {unknown}
Comestibles
 e - 5 rations


   Skills:
 + Level 3.6 Fighting
 * Level 2.8 Axes
 - Level 2.1 Armour
 - Level 0.8 Dodging
 + Level 2.7 Invocations


You had 2 spell levels left.
You didn't know any spells.
Your spell library was empty.

Dungeon Overview and Level Annotations

Branches:
Dungeon (1/15)

Altars:
Zin

Shops:
D:2 *


Innate Abilities, Weirdness & Mutations

You cannot be hasted, slowed, berserked, paralysed or teleported.
You can dig through walls and to a lower floor.
Your four strong arms can wield two-handed weapons with a shield.
You have a pair of large antennae on your head. (SInv)


Message History

A frilled lizard, a gnoll and a gnoll shaman come into view.
The frilled lizard hisses angrily.
The gnoll shaman shouts!
The gnoll shouts!
You hear a shout!
A gnoll comes into view.
A gnoll comes into view. It is wielding a +0 whip.
A rat and a hobgoblin come into view.
The gnoll shaman invokes the aid of its god against you.
You are outlined in light.
The hobgoblin hits you.
The hobgoblin hits you but does no damage.
The hobgoblin completely misses you.
Found 2 atropa-tipped darts.
You see here 2 atropa-tipped darts.
The rat twitches its whiskers.
A rat comes into view.
Found a scroll labeled ZOPLORPH QAOSUCAURR.
You are no longer glowing.
The hobgoblin hits you. The hobgoblin closely misses you.
The hobgoblin completely misses you. As you open the door, it creaks loudly!
The hobgoblin barely misses you. The hobgoblin hits you.
The hobgoblin hits you but does no damage.
Found a scroll labeled AHAIDGH EGIM, 4 gold pieces and 25 arrows.
There is an open door here.
The hobgoblin closely misses you.
You are feeling hungry.
The scorpion completely misses you. The scorpion barely misses you.
The hobgoblin misses you. The scorpion stings you.
The hobgoblin closely misses you. The scorpion stings you.
The hobgoblin barely misses you. The scorpion stings you.
* * * LOW HITPOINT WARNING * * *
The hobgoblin hits you.
* * * LOW HITPOINT WARNING * * *
The scorpion barely misses you.
The hobgoblin hits you but does no damage.
Unknown command.
The scorpion stings you!
* * * LOW HITPOINT WARNING * * *
The hobgoblin barely misses you. The scorpion barely misses you.
The hobgoblin hits you.
* * * LOW HITPOINT WARNING * * *
Unknown command.
The scorpion closely misses you.
The hobgoblin hits you but does no damage.
Unknown command.
The scorpion barely misses you. The hobgoblin hits you.
You die...

# #......... #
#...≈≈≈≈...#
#..≈≈≈≈≈≈.(#
#$.≈≈##≈≈..# ###
#..≈≈##≈≈..# #..
#..≈≈≈≈≈≈..# #.#
#...≈≈≈≈...# #.#
...$....# #.#
...?..s@##
#.###############g#
..........gg{{{{{r#
.g#################
###


You could see a scorpion, a hobgoblin and a rat.

Vanquished Creatures
  2 giant cockroaches (D:1)
  4 hobgoblins (D:1)
  4 jackals (D:1)
  A kobold (D:1)
  5 bats (D:1)
  5 goblins (D:1)
  A rat (D:1)
22 creatures vanquished.

Notes
Turn   | Place    | Note
-------+----------+-------------------------------------------
     0 | Abyss:1  | vurker the Formicid Abyssal Knight began the quest for the
                  | Orb.
     0 | Abyss:1  | Reached XP level 1. HP: 18/18 MP: 2/2
     9 | D:1      | Escaped the Abyss
   419 | D:1      | Reached XP level 2. HP: 23/24 MP: 3/3
   798 | D:1      | Reached XP level 3. HP: 23/29 MP: 4/4
  1247 | D:1      | You fall into a shaft and drop 1 floor!
  1257 | D:2      | Found Zin's Purification Station.
  1260 | D:2      | Found a glowing silver altar of Zin.
  1282 | D:2      | Noticed a scorpion
  1374 | D:2      | HP: 1/29 [hobgoblin (5)]
  1376 | D:2      | Slain by a hobgoblin

Levels and vault maps discovered:
D:1:      kennysheep_arrival_seaside, layout_basic
D:2:      layout_loops_ring, lemuel_doored_altar, zin_purify,
          kennysheep_pointless_box, eino_curves_02, serial_bayou_lagoon_a,
          uniq_terence

Action                   || total
-------------------------++-------
Melee: Hand axe          ||    84
  Eat: Chunk             ||     1
Armor: Leather armour    ||    38
Dodge: Dodged            ||    78

Table legend:
 A = Non-vault XP
 B = Vault XP
 C = Vault XP percentage of total XP
 D = Non-vault monster count
 E = Vault monster count
 F = Vault count percentage of total count
                 A         B        C        D         E       F
            +---------+---------+-------+---------+---------+-------
      Total |      37 |       0 |   0.0 |      22 |       0 |   0.0
            +---------+---------+-------+---------+---------+-------
        D:1 |      37 |       0 |   0.0 |      22 |       0 |   0.0
            +---------+---------+-------+---------+---------+-------
